 Dungeon Crawl Stone Soup version 0.28.0 (webtiles) character file.

Game seed: 14088364483498663507

4739 jjjjhere the Cleaver (level 10, -1/91 HPs)
             Began as a Hill Orc Brigand on Feb 8, 2022.
             Was an Elder of Okawaru.
             Killed by divine providence
             ... invoked by an orc priest
              (13 damage)
             ... on level 8 of the Dungeon.
             The game lasted 00:16:35 (11034 turns).

jjjjhere the Cleaver (Hill Orc Brigand)            Turns: 11034, Time: 00:16:36

Health: -1/91      AC: 11    Str: 25    XL:     10   Next: 46%
Magic:  15/15      EV:  8    Int: 18    God:    Okawaru [****..]
Gold:   353        SH:  0    Dex: 12    Spells: 9/9 levels left

rFire   + + .      SeeInvis .   w - +7 mace of Uskayaw's Delight {drain, rF+}
rCold   . . .      Faith    .   (no shield)
rNeg    . . .      Spirit   .   l - +0 chain mail
rPois   +          Reflect  .   r - +0 helmet
rElec   .          Harm     .   c - +1 cloak
rCorr   .          Rampage  .   (no gloves)
Will    .....                   (no boots)
Stlth   ..........              (no amulet)
HPRegen 0.25/turn               k - ring of poison resistance
MPRegen 0.14/turn               j - ring of False Hope {rF+ Str+6 Int+7}

@: no status effects
A: no striking features
a: Renounce Religion, Convert to Beogh, Heroism, Finesse


You were on level 8 of the Dungeon.
You worshipped Okawaru.
Okawaru was greatly pleased with you.
You visited 1 branch of the dungeon, and saw 8 of its levels.

You collected 1225 gold pieces.
You spent 872 gold pieces at shops.

Inventory:

Hand Weapons
 a - a +2 dagger
 h - a +0 whip of freezing
 w - the +7 mace of Uskayaw's Delight (weapon) {drain, rF+}
   (You found it on level 5 of the Dungeon)

   A truly terrible weapon, it drains the life of any living foe it strikes.
   rF:        It protects you from fire.
 B - a +1 war axe
Missiles
 d - 8 poisoned darts (quivered)
 e - 2 curare-tipped darts
 A - 14 atropa-tipped darts
Armour
 b - a +0 robe
 c - a +1 cloak (worn)
 l - a +0 chain mail (worn)
 r - a +0 helmet (worn)
Jewellery
 j - the ring of False Hope (right hand) {rF+ Str+6 Int+7}
   (You bought it in a shop on level 3 of the Dungeon)

   [ring of strength]

   Str:       It affects your strength (+6).
   Int:       It affects your intelligence (+7).
   rF:        It protects you from fire.
 k - a ring of poison resistance (left hand)
 x - a ring of willpower
 C - a +6 ring of intelligence
Wands
 m - a wand of iceblast (3)
 E - a wand of paralysis (4)
 J - a wand of digging (4)
Scrolls
 f - 4 scrolls of teleportation
 g - a scroll of summoning
 i - 3 scrolls of magic mapping
 o - a scroll of torment {unknown}
 y - 2 scrolls of vulnerability
 F - a scroll of silence {unknown}
 H - a scroll of amnesia
Potions
 n - 2 potions of flight
 q - 5 potions of resistance
 s - 2 potions of brilliance {unknown}
 t - a potion of mutation
 u - 3 potions of haste
 v - 2 potions of attraction
 z - a potion of ambrosia
 D - a potion of cancellation
 G - a potion of might
 I - a potion of lignification


   Skills:
 - Level 9.2 Fighting
 - Level 2.0 Short Blades
 + Level 12.7(13.6) Axes
 - Level 6.6(9.6) Maces & Flails
 - Level 1.7 Throwing
 - Level 0.7 Dodging
 - Level 3.2 Stealth
 + Level 7.7 Invocations


You had 9 spell levels left.
You didn't know any spells.
Your spell library contained the following spells:

 Spells                   Type           Power      Damage    Failure   Level
 Freeze                   Ice            0%         1d3       86%         1
 Slow                     Hex            0%         N/A       86%         1
 Static Discharge         Conj/Air       0%         N/A       95%         2
 Confusing Touch          Hex            0%         N/A       99%         3
 Frozen Ramparts          Ice            0%         1d2       99%         3
 Gell's Gravitas          Tloc           0%         N/A       99%         3
 Lesser Beckoning         Tloc           0%         N/A       99%         3
 Ozocubu's Armour         Ice            0%         N/A       99%         3
 Teleport Other           Tloc           0%         N/A       99%         3
 Vampiric Draining        Necr           0%         2d6       99%         3
 Dispel Undead            Necr           0%         3d6       100%        4
 Hailstorm                Conj/Ice       0%         3d3       100%        4
 Sticky Flame             Conj/Fire      0%         2d3       100%        4
 Lightning Bolt           Conj/Air       0%         1d11      100%        5
 Ozocubu's Refrigeration  Ice            0%         4d5       100%        7
 Maxwell's Capacitive Co  Air            0%         ∞         100%        8


Dungeon Overview and Level Annotations

Branches:
Dungeon (8/15)             Temple (0/1) D:6
   Lair: D:8-11

Altars:
Fedhas
Gozag
Hepliaklqana
Kikubaaqudgha
Okawaru
Uskayaw
The Shining One

Shops:
D:3 =

Annotations:
D:5 1 runed translucent door, Crazy Yiuf


Message History

The orc warrior hits you with a +2 hand axe of freezing.
The orc warrior freezes you.
The orc priest looks braver for a moment.
You bludgeon the orc warrior!!
The orc warrior is severely wounded.
The orc warrior hits you with a +2 hand axe of freezing!
The orc warrior freezes you.
You hit the orc warrior. You drain the orc warrior.
The orc warrior is almost dead.
The orc priest shouts, "Beogh is our master!
Accept the truth or die!"
You sock the orc warrior!
You kill the orc warrior!
Okawaru accepts your kill.
The orc priest looks braver for a moment.
You closely miss the yak. The yak gores you.
You barely miss the yak.
The orc priest shouts, "Surrender to Beogh and we'll let you live!"
You hit the yak. You drain the yak.
The yak is lightly wounded.
The orc priest invokes the aid of Beogh against you.
Beogh smites you! The yak gores you!
The orc priest calls down the wrath of Beogh upon you.
Beogh smites you!
* * * LOW HITPOINT WARNING * * *
The orc priest invokes the aid of Beogh against you.
Beogh smites you!
* * * LOW HITPOINT WARNING * * *
You feel like a meek peon again.
The orc priest mumbles some strange prayers to Beogh against you.
Beogh smites you!
* * * LOW HITPOINT WARNING * * *
You feel better. The yak gores you!
* * * LOW HITPOINT WARNING * * *
Okay, then.
Blink to where?
Press: ? - help, Dir - move target
As you read the scroll of blinking, it crumbles to dust.
The orc priest mumbles some strange prayers to Beogh against you.
Beogh smites you!
You die...

######## ####......#
#####
...)....#.########....
####.##.#..........###
#.# #.##.############
#.# ###.#...####
#.#####...@..<...#
#.#.....#.#...##.#
#.#.##.......## #
#.#.##.......#
#....#Y......#
#...Y........#
##...#.......#
####o##.......#
#....##.......#


You could see 2 yaks and an orc priest.

Vanquished Creatures
  A two-headed ogre (D:8)
  A komodo dragon (D:7)
  Grinder (D:4)
  A wyvern (D:8)
  Sigmund (D:5)
  2 yaks (D:8)
  2 orc warriors
  3 ice beasts
  A sky beast (D:4)
  6 ogres
  3 centaurs
  A phantom (D:6)
  A bullfrog (D:7)
  A kobold brigand (D:7)
  Blork the orc (D:5)
  2 scorpions
  A water moccasin zombie (D:7)
  8 wights
  4 killer bees (D:5)
  A howler monkey (D:6)
  A bullfrog zombie (D:5)
  4 centaur zombies
  A bullfrog skeleton (D:7)
  4 gnoll shamans
  2 hounds
  2 iguanas (D:7)
  Ijyb (D:3)
  2 orc wizards
  A killer bee zombie (D:8)
  13 gnolls
  5 adders
  2 white imps
  An adder skeleton (D:4)
  2 worms (D:2)
  3 dart slugs
  12 orcs
  8 ball pythons
  6 bats
  7 endoplasms
  6 giant cockroaches
  14 goblins
  8 hobgoblins
  9 jackals
  5 quokkas
  7 frilled lizards
  8 kobolds
  10 rats
186 creatures vanquished.

Vanquished Creatures (others)
  3 fungi (D:7)
  10 plants (D:7)
13 creatures vanquished.

Grand Total: 199 creatures vanquished

Notes
Turn   | Place    | Note
-------+----------+-------------------------------------------
     0 | D:1      | jjjjhere the Hill Orc Brigand began the quest for the Orb.
     0 | D:1      | Reached XP level 1. HP: 18/18 MP: 1/1
    63 | D:1      | HP: 5/18 [ball python (1)]
   405 | D:1      | HP: 6/19 [jackal (1)]
   411 | D:1      | Reached XP level 2. HP: 9/26 MP: 2/2
   411 | D:1      | HP: 7/26 [hobgoblin (2)]
   845 | D:1      | Reached XP level 3. HP: 11/33 MP: 3/3
  1519 | D:2      | Found an iron altar of Okawaru.
  1557 | D:2      | Became a worshipper of Warmaster Okawaru
  1577 | D:2      | Reached skill level 5 in Fighting
  1766 | D:2      | Found a faded altar of an unknown god.
  1777 | D:2      | Reached XP level 4. HP: 34/42 MP: 4/4
  2895 | D:3      | Found an ancient bone altar of Kikubaaqudgha.
  3237 | D:2      | Identified a scroll of acquirement
  3304 | D:3      | Reached XP level 5. HP: 36/50 MP: 5/5
  3838 | D:3      | Found Ameutiut's Jewellery Emporium.
  3861 | D:3      | Acquired 978 gold pieces
  3863 | D:3      | Bought the ring of False Hope {rF+ Str+6 Int+7} for 872
                  | gold pieces
  3884 | D:3      | Noticed Ijyb
  3913 | D:3      | Killed Ijyb
  4346 | D:4      | Found a glowing golden altar of the Shining One.
  4438 | D:4      | Found a faded altar of an unknown god.
  4438 | D:4      | Found a hide-covered altar of Uskayaw.
  4446 | D:4      | Found an opulent altar of Gozag.
  4448 | D:4      | Found a faded altar of an unknown god.
  4450 | D:4      | Found a blossoming altar of Fedhas.
  4574 | D:4      | Noticed an ogre
  4616 | D:4      | Killed an ogre
  4617 | D:4      | Reached XP level 6. HP: 36/61 MP: 6/6
  4887 | D:4      | Found a hazy altar of Hepliaklqana.
  4940 | D:4      | Noticed Grinder
  4941 | D:4      | Paralysed by Grinder for 7 turns
  4968 | D:4      | Killed Grinder
  4968 | D:4      | Reached * piety under Okawaru
  4969 | D:4      | Reached XP level 7. HP: 65/70 MP: 7/7
  5105 | D:5      | Entered Level 5 of the Dungeon
  5246 | D:5      | Identified the +7 mace of Uskayaw's Delight {drain, rF+}
  5247 | D:5      | Found a runed translucent door.
  5254 | D:5      | Noticed Crazy Yiuf
  5308 | D:5      | Noticed Sigmund
  5311 | D:5      | Killed Sigmund
  5311 | D:5      | Reached ** piety under Okawaru
  5805 | D:5      | Reached XP level 8. HP: 60/78 MP: 5/8
  5810 | D:5      | Reached skill level 5 in Maces & Flails
  6266 | D:5      | Noticed Blork the orc
  6270 | D:5      | Killed Blork the orc
  6591 | D:6      | Reached skill level 2 in Axes
  6673 | D:6      | Reached skill level 3 in Axes
  6874 | D:6      | Reached *** piety under Okawaru
  6875 | D:6      | Reached skill level 4 in Axes
  7064 | D:6      | Reached skill level 5 in Axes
  7089 | D:6      | Reached skill level 6 in Axes
  7107 | D:6      | Found a staircase to the Ecumenical Temple.
  7262 | D:6      | Reached XP level 9. HP: 42/77 MP: 6/9
  7263 | D:6      | Reached skill level 7 in Axes
  7518 | D:7      | Reached skill level 8 in Axes
  7677 | D:7      | Reached skill level 9 in Axes
  7820 | D:7      | Noticed a komodo dragon
  7857 | D:7      | Killed a komodo dragon
  7857 | D:7      | Reached **** piety under Okawaru
  7858 | D:7      | Reached skill level 10 in Axes
  8246 | D:7      | Reached skill level 1 in Invocations
  8487 | D:7      | HP: 22/83 [gnoll shaman (7)]
  9089 | D:7      | Reached skill level 11 in Axes
  9538 | D:7      | Reached skill level 5 in Invocations
  9538 | D:7      | Reached XP level 10. HP: 79/91 MP: 13/13
  9968 | D:8      | Received a gift from Okawaru
 10729 | D:8      | Reached skill level 12 in Axes
 10826 | D:8      | Noticed a two-headed ogre
 10846 | D:8      | Killed a two-headed ogre
 11006 | D:8      | HP: 30/91 [yak (7)]
 11014 | D:8      | HP: 13/91 [orc priest/divine providence (11)]
 11021 | D:8      | HP: 7/91 [orc priest/divine providence (8)]
 11034 | D:8      | Killed from afar by an orc priest

Illustrated notes

Levels and vault maps discovered:
D:1:      onia_arrival_handbag, layout_rooms
D:2:      layout_basic, nicolae_ecumenical_oubliette, basic_altar,
          minmay_pentomino_s4
D:3:      layout_rooms, mainiacjoe_overflow_surrounded_room, serial_shops,
          nicolae_shop_competitors_out_of_business, uniq_ijyb
D:4:      layout_rooms, mainiacjoe_overflow_brackets,
          nzn_hepliaklqana_mist_gate, chequers_temple_overflow_minitemple,
          minmay_ogre_servants, uniq_grinder
D:5:      layout_loops_ring, chequers_serial_rivers_large_a,
          uniq_crazy_yiuf_cottage, uniq_blork_the_orc, uniq_sigmund
D:6:      layout_rooms, minmay_temple_entry_hall
D:7:      kennysheep_seaside_town, layout_basic, minmay_lizard_king
D:8:      layout_loops_ring, lemuel_coloured_pillars_altar,
          nicolae_concentric_dashed_squares_wild

Skill      XL: |  1  2  3  4  5  6  7  8  9 10 |
---------------+-------------------------------+-----
Fighting       | 3 4 5 6 7 9 |  9.2
Maces & Flails | 4 6 |  6.6
Axes           | 6 11 12 | 12.7
Invocations    | 5 7 |  7.7
Short Blades   | |  2.0
Throwing       | |  1.7
Dodging        | |  0.7
Stealth        | |  3.2

Action                   |  1- 3 |  4- 6 |  7- 9 | 10-12 || total
-------------------------+-------+-------+-------+-------++-------
Melee: Dagger            |   145 |   225 |    54 |       ||   424
       Punch             |     1 |     5 |     4 |     3 ||    13
       Mace              |       |       |   205 |    83 ||   288
Throw: Dart              |       |     3 |       |     2 ||     5
Invok: Heroism           |       |       |     3 |     3 ||     6
Evoke: Wand              |       |     5 |     6 |       ||    11
  Use: Scroll            |       |    12 |     8 |     4 ||    24
       Potion            |       |       |       |     1 ||     1
 Stab: Sleeping          |     3 |     8 |       |       ||    11
Armor: Robe              |    32 |    29 |       |       ||    61
       Chain mail        |       |    29 |   160 |    16 ||   205
Dodge: Dodged            |    82 |    99 |   113 |    19 ||   313
